 Dungeon Crawl Stone Soup version 0.15-a0-1253-g15b4f57 (webtiles) character file.

40 Quh the Charmwright (level 3, 0/24 HPs)
             Began as a High Elf Skald on June 4, 2014.
             Killed from afar by a hobgoblin (4 damage)
             ... with a wand of frost
             ... on Level 2 of the Dungeon.
             The game lasted 00:06:28 (1843 turns).

Quh the Charmwright (High Elf Skald)                Turns: 1843, Time: 00:06:28

HP   0/24        AC  4     Str 11      XL: 3   Next: 30%
MP   3/8         EV 10     Int 16      God:
Gold 49          SH  0     Dex 15      Spells:  3 memorised,  2 levels left

rFire  . . .     SeeInvis .     a - +0 short sword
rCold  . . .     Clarity  .     b - +0 leather armour
rNeg   . . .     rCorr    .     (no shield)
rPois  .         rRot     .     f - +0 helmet
rElec  .         Spirit   .     (no cloak)
SustAb .         Warding  .     (no gloves)
rMut   .         Stasis   .     (no boots)
Gourm  .                        (no amulet)
MR     .....                    (no ring)
                                (no ring)

@: shrouded (expiring), infused, not resistant to hostile enchantments, very
unstealthy
A: no striking features
a: no special abilities


You were on level 2 of the Dungeon.
You were not hungry.

You visited 1 branch of the dungeon, and saw 2 of its levels.

You collected 49 gold pieces.

Inventory:

Hand weapons
 a - a +0,+0 short sword (weapon)
Missiles
 k - 7 stones (quivered)
Armour
 b - a +0 leather armour (worn)
 f - a +0 helmet (worn)
Comestibles
 d - a bread ration
 g - 7 fruits
Scrolls
 e - 2 scrolls of identify {unknown}
 h - a scroll of enchant weapon II {unknown}
 l - a scroll of magic mapping {unknown}
 m - 2 scrolls of noise {unknown}
Potions
 i - a potion of agility {unknown}
 j - a potion of cure mutation {unknown}
Books
 c - a book of Battle

   Spells                             Type                      Level
   *Infusion                          Charms                       1
   *Shroud of Golubria                Charms/Translocation         2
   *Song of Slaying                   Charms                       2
   Spectral Weapon                    Hexes/Charms                 3
   Regeneration                       Charms/Necromancy            3


   Skills:
 + Level 2.2 Fighting
 * Level 3.4 Short Blades
 - Level 0.8 Armour
 + Level 1.3 Dodging
 + Level 2.8 Spellcasting
 * Level 4.1 Charms


You had 2 spell levels left.
You knew the following spells:

 Your Spells              Type           Power        Failure   Level  Hunger
a - Infusion              Chrm           ###...       4%          1    #......
b - Shroud of Golubria    Chrm/Tloc      #.........   14%         2    ##.....
c - Song of Slaying       Chrm           ###.....     8%          2    ##.....


Dungeon Overview and Level Annotations

Branches:
Dungeon (2/15)

Altars:


Message History

The hobgoblin throws a stone.
The stone hits you but does no damage.
Found a scroll labeled PIESHR NICRIA.
You see here a stone.
The hobgoblin zaps a wand.
The puff of frost hits you!
Ouch! That really hurt!
* * * LOW HITPOINT WARNING * * *
Your shroud begins to fray at the edges.
The hobgoblin closely misses you.
Your leather armour prevents you from hitting the hobgoblin.
The hobgoblin zaps a wand.
The puff of frost hits you!
* * * LOW HITPOINT WARNING * * *
You barely miss the hobgoblin.
The hobgoblin zaps a wand.
The puff of frost misses you.
You hit the hobgoblin.
The hobgoblin is moderately wounded.
The hobgoblin hits you but does no damage.
You hit the hobgoblin.
The hobgoblin is severely wounded.
The hobgoblin zaps a wand.
The puff of frost hits you!
You die...

#...##...............
#...##...............
..>.................#
....................##
..........###.........
..........###(..#.....
.............)(.# ..
............(...#########
................@.......#
.................g......#
.....................
................
...............
........?.... ...........
......... ...


You could see a hobgoblin.

Vanquished Creatures
  An adder (D:2)
  3 giant geckos
  6 bats
  A giant cockroach (D:1)
  3 goblins
  4 hobgoblins
  3 kobolds
  A giant newt (D:2)
  3 jackals (D:1)
  A rat (D:2)
26 creatures vanquished.

Notes
Turn   | Place    | Note
--------------------------------------------------------------
     0 | D:1      | Quh, the High Elf Skald, began the quest for the Orb.
     0 | D:1      | Reached XP level 1. HP: 14/14 MP: 4/4
   558 | D:1      | Reached XP level 2. HP: 19/19 MP: 1/6
   562 | D:1      | Learned a level 2 spell: Shroud of Golubria
   565 | D:1      | Learned a level 2 spell: Song of Slaying
  1637 | D:2      | Reached skill level 4 in Charms
  1637 | D:2      | Reached XP level 3. HP: 18/24 MP: 0/8
  1843 | D:2      | Killed from afar by a hobgoblin

Action                   || total
-------------------------++-------
Melee: Short sword       ||   111
Throw: Stone             ||     6
 Cast: Infusion          ||    10
       Shroud of Golubri ||    11
